 Dungeon Crawl Stone Soup version 0.24.0-35-gdb84b6a5db (webtiles) character file.

Game seed: 5747703907331361283, levelgen mode: deterministic

128 Iamsoldier the Insei (level 5, -3/40 HPs)
             Began as a Gnoll Transmuter on Nov 19, 2019.
             Was an Initiate of Ru.
             Slain by a gnoll
             ... wielding a +0 whip
              (10 damage)
             ... on level 3 of the Dungeon.
             The game lasted 00:12:39 (2474 turns).

Iamsoldier the Insei (Gnoll Transmuter)             Turns: 2474, Time: 00:12:39

Health: -3/40      AC:  2    Str: 14    XL:     5   Next: 12%
Magic:  11/12      EV: 15    Int: 15    God:    Ru [......]
Gold:   161        SH:  0    Dex: 15    Spells: 10/14 levels left

rFire    . . .     SeeInvis .     - Unarmed
rCold    . . .     Gourm    .   (no shield)
rNeg     . . .     Faith    .   b - +0 robe
rPois    .         Spirit   .   (no helmet)
rElec    .         Reflect  .   (no cloak)
rCorr    .         Harm     .   (no gloves)
MR       .....                  (boots currently unavailable)
Stlth    ++........             (no amulet)
HPRegen  0.13/turn              (no ring)
MPRegen  0.13/turn              (no ring)

@: appendage
A: distributed training, fangs 1, talons 3, strong nose
a: End Transformation, Renounce Religion


You were on level 3 of the Dungeon.
You worshipped Ru.
Ru was noncommittal.
You were not hungry.
You had grown temporary talons.
You visited 1 branch of the dungeon, and saw 3 of its levels.

You collected 161 gold pieces.

Inventory:

Hand Weapons
 x - a +0 hunting sling
Missiles
 a - 12 arrows
 h - 4 boomerangs (quivered)
 y - 13 poisoned darts
Armour
 b - a +0 robe (worn)
 g - a +1 large shield
 m - a +0 ring mail
 q - a +0 shield
Jewellery
 j - an uncursed ring of fire {unknown}
 l - an uncursed ring of positive energy {unknown}
 o - an uncursed ring of protection from fire {unknown}
 r - a +5 ring of strength {unknown}
 t - an uncursed ring of positive energy {unknown}
Scrolls
 c - a scroll of identify {unknown}
 e - a scroll of enchant weapon {unknown}
 f - a scroll of random uselessness {unknown}
 i - a scroll of amnesia {unknown}
 k - a scroll of enchant armour
 p - a scroll of teleportation {unknown}
 u - a scroll of noise {unknown}
 v - a scroll of remove curse {unknown}
Potions
 n - 2 potions of heal wounds {unknown}
 s - a potion of curing {unknown}
 w - a potion of ambrosia {unknown}
Comestibles
 d - 2 rations


   Skills:
 + Level 2.9 Fighting
 + Level 1.3 Short Blades
 + Level 1.3 Long Blades
 + Level 1.3 Axes
 + Level 1.3 Maces & Flails
 + Level 1.3 Polearms
 + Level 1.3 Staves
 + Level 1.3 Slings
 + Level 1.3 Bows
 + Level 1.3 Crossbows
 + Level 1.3 Throwing
 + Level 1.3 Armour
 + Level 4.7 Dodging
 + Level 1.3 Stealth
 + Level 1.3 Shields
 + Level 6.6 Unarmed Combat
 + Level 5.1 Spellcasting
 + Level 1.1 Conjurations
 + Level 1.1 Hexes
 + Level 1.1 Charms
 + Level 1.1 Summonings
 + Level 1.1 Necromancy
 + Level 1.1 Translocations
 + Level 3.9 Transmutations
 + Level 1.1 Fire Magic
 + Level 1.1 Ice Magic
 + Level 1.1 Air Magic
 + Level 1.1 Earth Magic
 + Level 1.1 Poison Magic
 + Level 1.5 Invocations
 + Level 1.3 Evocations


You had 10 spell levels left.
You knew the following spells:

 Your Spells              Type           Power        Failure   Level  Hunger
a - Beastly Appendage     Tmut           ###...       3%          1    None
b - Spider Form           Tmut/Pois      ##........   17%         3    ###....

Your spell library contained the following spells:

 Spells                   Type           Power        Failure   Level  Hunger
 Sticks to Snakes         Tmut           ###.....     4%          2    ##.....
 Ice Form                 Ice/Tmut       ##......     50%         4    ####...
 Blade Hands              Tmut           ###.......   65%         5    ######.


Dungeon Overview and Level Annotations

Branches:
Dungeon (3/15)

Altars:
Ashenzari
Hepliaklqana
Nemelex Xobeh
Ru


Innate Abilities, Weirdness & Mutations

Your experience applies equally to all skills.
You have very sharp teeth.
Your uncanny sense of smell can sniff out nearby items.
You have claws for feet.


Message History

The gnoll closely misses you.
You closely miss the gnoll. Your kick misses the gnoll.
The gnoll is heavily wounded.
The gnoll misses you. The gnoll closely misses you.
You closely miss the gnoll.
The gnoll is heavily wounded.
The gnoll closely misses you. The gnoll hits you with a +0 spear.
You hit the gnoll. You claw the gnoll.
The gnoll is almost dead.
The gnoll misses you. The gnoll hits you with a +0 whip!
The gnoll closely misses you.
You are too injured to fight recklessly!
You are too injured to fight recklessly!
You are too injured to fight recklessly!
You barely miss the gnoll. Your kick misses the gnoll.
The gnoll is almost dead.
The gnoll hits you with a +0 flail!
* * * LOW HITPOINT WARNING * * *
The gnoll hits you with a +0 whip!
You die...

#.................#
#.#####.####.####.####
#. #.# #.# #..... ##.#
#.# #.# #..### ##...#
#[# #.# #..#
#.....###)####.## #..#
........#........ ......
......#.#.####..###..##.
#....g@........# #..##.
###..gg........# #..##.
#.##.######..# #..##. #
..# .###. #. .#.#
....##. ..#.# ....... ..
### ###.##. ##. #. ##


You could see 3 gnolls.

Vanquished Creatures
  An orc wizard (D:3)
  3 adders
  3 oozes (D:2)
  A dart slug (D:2)
  2 worms (D:2)
  2 leopard geckos
  3 orcs (D:3)
  6 bats
  3 giant cockroaches
  7 goblins
  4 hobgoblins (D:1)
  A ball python (D:1)
  5 frilled lizards
  6 kobolds
  5 rats
  A plant (D:1)
53 creatures vanquished.

Notes
Turn   | Place    | Note
-------+----------+-------------------------------------------
     0 | D:1      | Iamsoldier the Gnoll Transmuter began the quest for the
                  | Orb.
     0 | D:1      | Reached XP level 1. HP: 17/17 MP: 6/6
   181 | D:1      | Reached XP level 2. HP: 20/23 MP: 7/7
   689 | D:1      | Reached XP level 3. HP: 27/28 MP: 9/9
   898 | D:2      | Reached skill level 5 in Spellcasting
  1005 | D:2      | Reached skill level 1 in Invocations
  1058 | D:2      | Found a sparkling altar of Nemelex Xobeh.
  1065 | D:2      | Found a hazy altar of Hepliaklqana.
  1073 | D:2      | Found a shattered altar of Ashenzari.
  1081 | D:2      | Learned a level 3 spell: Spider Form
  1101 | D:2      | Reached skill level 1 in Short Blades
  1101 | D:2      | Reached skill level 1 in Long Blades
  1101 | D:2      | Reached skill level 1 in Axes
  1101 | D:2      | Reached skill level 1 in Maces & Flails
  1101 | D:2      | Reached skill level 1 in Polearms
  1101 | D:2      | Reached skill level 1 in Staves
  1101 | D:2      | Reached skill level 1 in Slings
  1101 | D:2      | Reached skill level 1 in Bows
  1101 | D:2      | Reached skill level 1 in Crossbows
  1101 | D:2      | Reached skill level 1 in Throwing
  1101 | D:2      | Reached skill level 1 in Armour
  1101 | D:2      | Reached skill level 1 in Stealth
  1101 | D:2      | Reached skill level 1 in Shields
  1101 | D:2      | Reached skill level 1 in Evocations
  1240 | D:2      | Reached XP level 4. HP: 33/34 MP: 11/11
  2023 | D:3      | Found a sacrificial altar of Ru.
  2033 | D:3      | Became a worshipper of Ru the Awakened
  2049 | D:3      | Reached skill level 1 in Conjurations
  2049 | D:3      | Reached skill level 1 in Hexes
  2049 | D:3      | Reached skill level 1 in Charms
  2049 | D:3      | Reached skill level 1 in Summonings
  2049 | D:3      | Reached skill level 1 in Necromancy
  2049 | D:3      | Reached skill level 1 in Translocations
  2049 | D:3      | Reached skill level 1 in Fire Magic
  2049 | D:3      | Reached skill level 1 in Ice Magic
  2049 | D:3      | Reached skill level 1 in Air Magic
  2049 | D:3      | Reached skill level 1 in Earth Magic
  2049 | D:3      | Reached skill level 1 in Poison Magic
  2387 | D:3      | Reached XP level 5. HP: 40/40 MP: 10/12
  2474 | D:3      | Slain by a gnoll

Levels and vault maps discovered:
D:1:      roderic_crop_circles_arrival_small, layout_basic,
          chequers_serial_rivers_large_a
D:2:      layout_loops_cross, grunt_temple_overflow_diamond
D:3:      layout_loops_ring, lemuel_zombie_altar_yredelemnul,
          overflow_temple_1_default, first_ration,
          nicolae_tso_swordbearing_angel

Skill      XL: |  1  2  3  4 |
---------------+-------------+-----
Spellcasting   | 5 |  5.1
Invocations    | 1 |  1.5
Short Blades   | 1 |  1.3
Long Blades    | 1 |  1.3
Axes           | 1 |  1.3
Maces & Flails | 1 |  1.3
Polearms       | 1 |  1.3
Staves         | 1 |  1.3
Slings         | 1 |  1.3
Bows           | 1 |  1.3
Crossbows      | 1 |  1.3
Throwing       | 1 |  1.3
Armour         | 1 |  1.3
Stealth        | 1 |  1.3
Shields        | 1 |  1.3
Evocations     | 1 |  1.3
Conjurations   | 1 |  1.1
Hexes          | 1 |  1.1
Charms         | 1 |  1.1
Summonings     | 1 |  1.1
Necromancy     | 1 |  1.1
Translocations | 1 |  1.1
Fire Magic     | 1 |  1.1
Ice Magic      | 1 |  1.1
Air Magic      | 1 |  1.1
Earth Magic    | 1 |  1.1
Poison Magic   | 1 |  1.1
Fighting       | |  2.9
Dodging        | |  4.7
Unarmed Combat | |  6.6
Transmutations | |  3.9

Action                   |  1- 3 |  4- 6 || total
-------------------------+-------+-------++-------
Melee: Unarmed           |   109 |    64 ||   173
       Bite              |     8 |     3 ||    11
       Punch             |     2 |     3 ||     5
       Kick              |     1 |     2 ||     3
       Headbutt          |       |     5 ||     5
 Cast: Beastly Appendage |    11 |     5 ||    16
  Use: Scroll            |       |     1 ||     1
 Stab: Sleeping          |     1 |     1 ||     2
  Eat: Chunk             |     1 |     4 ||     5
Armor: Robe              |    10 |     1 ||    11
Dodge: Dodged            |    68 |    41 ||   109
